 Dungeon Crawl Stone Soup version 0.29-a0-770-g2e8140cf71 (webtiles) character file.

Game seed: 3395790190037215755

81 Morbidden the Shooter (level 4, 0/45 HPs)
             Began as an Ogre Hunter on July 1, 2022.
             Slain by a gnoll
             ... wielding a +0 flail
              (5 damage)
             ... on level 2 of the Dungeon.
             The game lasted 00:01:16 (1369 turns).

Morbidden the Shooter (Ogre Hunter)                 Turns: 1369, Time: 00:01:17

Health: 0/45       AC:  4    Str: 15    XL:     4   Next: 42%
Magic:  4/4        EV: 10    Int: 10    God:
Gold:   99         SH:  0    Dex: 14    Spells: 3/3 levels left

rFire   . . .      SeeInvis .   a - +0 shortbow
rCold   . . .      Faith    .   (shield currently unavailable)
rNeg    . . .      Spirit   .   c - +0 robe
rPois   .          Reflect  .   (helmet restricted)
rElec   .          Harm     .   h - +0 cloak
rCorr   .          Rampage  .   (gloves unavailable)
Will    .....                   (boots unavailable)
Stlth   ++........              (no amulet)
HPRegen 0.15/turn               (no ring)
MPRegen 0.09/turn               (no ring)

@: no status effects
A: large, unfitting armour, tough skin 1
a: no special abilities


You were on level 2 of the Dungeon.
You visited 1 branch of the dungeon, and saw 3 of its levels.

You collected 99 gold pieces.

Inventory:

Hand Weapons
 a - a +0 shortbow (weapon)
Missiles
 j - 4 poisoned darts
Armour
 c - a +0 robe (worn)
 h - a +0 cloak (worn)
Jewellery
 g - a +6 ring of dexterity
Scrolls
 b - 3 scrolls of immolation
 i - a scroll of poison {unknown}
 m - a scroll of identify {unknown}
Potions
 d - 2 potions of attraction {unknown}
 e - a potion of curing {unknown}
 f - a potion of invisibility {unknown}
 k - 2 potions of ambrosia {unknown}
 l - a potion of cancellation {unknown}
 n - a potion of brilliance {unknown}


   Skills:
 * Level 3.5 Fighting
 * Level 4.0 Ranged Weapons
 * Level 2.0 Dodging
 + Level 0.6 Stealth


You had 3 spell levels left.
You didn't know any spells.
Your spell library contained the following spells:

 Spells                   Type           Power      Damage    Failure   Level
 Sting                    Tmut/Pois      0%         1d3       36%         1
 Poisonous Vapours        Pois/Air       0%         N/A       50%         2
 Gell's Gravitas          Tloc           0%         N/A       75%         3
 Ozocubu's Armour         Ice            0%         N/A       75%         3
 Teleport Other           Tloc           0%         N/A       75%         3
 Olgreb's Toxic Radiance  Pois           0%         N/A       98%         4
 Metabolic Englaciation   Hex/Ice        0%         N/A       100%        5
 Dispersal                Tloc           0%         N/A       100%        6
 Simulacrum               Ice/Necr       0%         N/A       100%        6


Dungeon Overview and Level Annotations

Branches:
Dungeon (3/15)

Altars:


Innate Abilities, Weirdness & Mutations

You are too large for most types of armour.
You have tough skin. (AC +1)


Message History

Unknown command.
You shoot an arrow. The arrow hits the gnoll.
You kill the gnoll!
The gnoll hits you with a +0 whip.
Your Dodging skill increases to level 2!
Unknown command.
You are too injured to fight recklessly!
Unknown command.
You are too injured to fight recklessly!
Unknown command.
You are too injured to fight recklessly!
You are too injured to fight recklessly!
The gnoll attacks as you move away! The gnoll barely misses you.
There is a stone staircase leading up here.
The gnoll hits you with a +0 flail!
* * * LOW HITPOINT WARNING * * *
You climb upwards.
There is a stone staircase leading down here.
Unknown command.
You are too injured to fight recklessly!
You are too injured to fight recklessly!
Unknown command.
You are too injured to fight recklessly!
You are too injured to fight recklessly!
Unknown command.
Fire: a) +0 shortbow
Press: ? - help, Q - select action, (/) - cycle Shift-Dir - straight line, f - gnoll
Aim: a gnoll, wielding a +0 flail You shoot an arrow.
The arrow hits the gnoll!
The gnoll is heavily wounded.
The gnoll hits you with a +0 flail!
* * * LOW HITPOINT WARNING * * *
The gnoll closely misses you.
Fire: a) +0 shortbow
Press: ? - help, Q - select action, (/) - cycle Shift-Dir - straight line, f/p - gnoll
Aim: a gnoll, wielding a +0 flail (heavily wounded)
You shoot an arrow. The arrow hits the gnoll.
The gnoll is severely wounded.
The gnoll hits you with a +0 flail.
You die...

#.....####...##...............
#........)....##.#####...####)
##########.##.##.# #........
#.##.##.# #...##### #.......#
#...# ################.####
#...# .......†...# #.#
###...#### ####..####.# #.#
#........# #..####.#####@#
###...####.# #..##.......g.#
#......).#.#
#.....#.##########.#....#.#.##
##......# ##.......#....†.....
######## #......>...........#
#..#.#...#.#..#.##.#
#..#.#...#.#..#.....
#..#.#.......†####.#
#.......##.......#..


You could see a gnoll.

Vanquished Creatures
  2 gnolls (D:3)
  An adder (D:2)
  4 dart slugs
  5 ball pythons
  3 endoplasms
  3 giant cockroaches
  2 goblins
  5 hobgoblins
  4 jackals
  A quokka (D:2)
  3 bats
  A frilled lizard (D:1)
  4 kobolds
  7 rats
45 creatures vanquished.

Notes
Turn   | Place    | Note
-------+----------+-------------------------------------------
     0 | D:1      | Morbidden the Ogre Hunter began the quest for the Orb.
     0 | D:1      | Reached XP level 1. HP: 22/22 MP: 1/1
    11 | D:1      | Reached skill level 3 in Ranged Weapons
    90 | D:1      | Reached XP level 2. HP: 29/29 MP: 2/2
   404 | D:1      | Reached XP level 3. HP: 37/37 MP: 3/3
  1057 | D:2      | Reached XP level 4. HP: 41/45 MP: 4/4
  1357 | D:3      | Reached skill level 4 in Ranged Weapons
  1369 | D:2      | Slain by a gnoll

Illustrated notes

Levels and vault maps discovered:
D:1:      amcnicky_arrival_blooded_trapdoor, layout_loops_ring
D:2:      layout_loops_cross
D:3:      layout_loops_ring, mainiacjoe_overflow_brackets,
          serial_co_window_serial, co_window_corner_a, co_window_paths_a,
          co_window_corner_a, co_window_paths_a, co_window_of_opportunity_a,
          co_window_2corner, co_window_corner_b, co_window_broadway_b,
          co_window_sun, glass_columns_a, ebering_ecumenical_altar_mist,
          roderic_serpentine_path, minivault_4, uniq_grinder, uniq_ijyb

Skill      XL: |  1  2  3  4 |
---------------+-------------+-----
Ranged Weapons | 3 4 |  4.0
Fighting       | 3 |  3.5
Dodging        | 2 |  2.0
Stealth        | |  0.6

Action                   |  1- 3 |  4- 6 || total
-------------------------+-------+-------++-------
 Fire: Shortbow          |   101 |    29 ||   130
Armor: Robe              |    11 |     2 ||    13
Dodge: Dodged            |    25 |    16 ||    41

Table legend: (Time is in decaauts)
 A = Elapsed time spent in this place.
 B = Non-inter-level travel time spent in this place.
 C = Inter-level travel time spent in this place.
 D = Time resting spent in this place.
 E = Time spent auto-exploring this place.
 F = Levels seen in this place.
 G = Mean time per level.
                   A        B        C        D        E       F      G
               +--------+--------+--------+--------+--------+-----+--------+
         Total |   1409 |   1368 |     41 |      0 |   1092 |   3 |  469.7 |
       Dungeon |   1409 |   1368 |     41 |      0 |   1092 |   3 |  469.7 |
               +--------+--------+--------+--------+--------+-----+--------+

Top non-repeatable levels by time:
     D:2: 699 daAuts
     D:1: 674 daAuts
     D:3: 36 daAuts
